 Dungeon Crawl Stone Soup version 0.26.0-10-g1f06aea511 (webtiles) character file.

Game seed: 16928459788178975032

820 Amaterasu the Chopper (level 7, -5/56 HPs)
             Began as a Demonspawn Fighter on Jan 25, 2021.
             Slain by a mana viper (6 damage)
             ... summoned by a worldbinder
             ... while petrified by a lich
             ... on level 1 of the Abyss.
             The game lasted 00:06:25 (4803 turns).

Amaterasu the Chopper (Demonspawn Fighter)          Turns: 4803, Time: 00:06:26

Health: -5/56      AC: 10    Str: 18    XL:     7   Next: 63%
Magic:  7/7        EV:  2    Int: 10    God:
Gold:   372        SH:  0    Dex: 12    Spells: 6/6 levels left

rFire    . . .     SeeInvis .   r - +1 war axe (drain)
rCold    + . .     Faith    .   c - +0 kite shield
rNeg     + + +     Spirit   .   b - +0 scale mail
rPois    ∞         Reflect  .   v - +0 helmet
rElec    .         Harm     .   k - +0 cloak
rCorr    .         Rampage  .   (no gloves)
Will     .....                  o - +1 pair of boots
Stlth    ..........             (no amulet)
HPRegen  0.18/turn              q - +4 ring of evasion (curse)
MPRegen  0.10/turn              (no ring)

@: petrified, corroded
A: claws 1, yellow scales 2, cold resistance 1
a: no special abilities


You were on level 1 of the Abyss.
You visited 1 branch of the dungeon, and saw 5 of its levels.
You visited the Abyss 1 time.

You collected 372 gold pieces.

Inventory:

Hand Weapons
 r - a +1 war axe of draining (weapon)
Armour
 b - a +0 scale mail (worn)
 c - a +0 kite shield (worn)
 k - a +0 cloak (worn)
 o - a +1 pair of boots (worn)
 v - a +0 helmet (worn)
Jewellery
 l - an uncursed ring of fire
 q - a cursed +4 ring of evasion (left claw)
 u - an uncursed amulet of magic regeneration {unknown}
Scrolls
 a - 3 scrolls of identify
 e - a scroll of teleportation
 f - 3 scrolls of blinking
 g - 4 scrolls of remove curse
 j - 3 scrolls of magic mapping
 p - 3 scrolls of fog
 t - a scroll of amnesia
 x - a scroll of enchant armour
Potions
 h - a potion of attraction
 i - 2 potions of heal wounds
 m - a potion of resistance
 n - 4 potions of curing
 s - a potion of haste
 w - a potion of brilliance {unknown}


   Skills:
 - Level 5.0 Fighting
 * Level 6.1 Axes
 - Level 4.0 Armour
 - Level 2.0 Dodging
 - Level 2.6 Shields


You had 6 spell levels left.
You didn't know any spells.
Your spell library was empty.

Dungeon Overview and Level Annotations

Branches:
Dungeon (5/15)
 Temple: D:4-7

Altars:
Gozag

Annotations:
D:5 mavignon's ghost, novice DrTm


Innate Abilities, Weirdness & Mutations

You have sharp fingernails.
You are mostly covered in yellow scales. (AC +3)
Your flesh is cold resistant. (rC+)


Message History

* * * LOW HITPOINT WARNING * * *
The raiju bursts into living lightning!
The living lightning misses you.
The raiju blinks!
You hear a roar!
The lich points at you and mumbles some strange words.
You are slowing down.
The worldbinder hits you.
* * * LOW HITPOINT WARNING * * *
The worldbinder hits you but does no damage.
The worldbinder hits you but does no damage.
The worldbinder closely misses you. The lich touches you!
* * * LOW HITPOINT WARNING * * *
A phantasmal warrior comes into view.
The worldbinder calls forth creatures from the Snake Pit!
The lich points at you and mumbles some strange words.
Your limbs have turned to stone.
You have turned to stone.
The phantasmal warrior blinks!
The worldbinder completely misses you.
The worldbinder hits you but does no damage.
A starcursed mass splits.
The mana viper bites you!
You die...

. ..#.
...#.....#. .
................
..#..... .....#.#
###...###...####
#..##..##..##
.##..##..##..##.
..........NX....
.......LhxX.....
..##[.##S@##..##.
. #.. #.># .# 3.
.........X.
.......W........
.##..##..##..##.
#.. #..# ..# ...
...§ ... ... ....
.. .## #..##


You could see 2 starcursed masses, a lich, a phantasmal warrior, a mana viper
(summoned), a worldbinder, a raiju and a naga (summoned).

Vanquished Creatures
  A black bear (D:5)
  A sky beast (D:5)
  2 ogres
  A hound (D:4)
  An orc priest (D:5)
  An orc wizard (D:5)
  3 worker ants (D:4)
  A hound skeleton (D:4)
  A worker ant zombie (D:2)
  8 gnolls
  8 adders
  An ufetubus (D:5)
  An ooze (D:3)
  2 worms
  2 dart slugs
  5 leopard geckos
  21 orcs
  4 bats
  5 giant cockroaches
  5 goblins
  4 hobgoblins
  13 jackals
  A quokka (D:5)
  2 ball pythons
  5 frilled lizards
  A jackal skeleton (D:5)
  A jackal zombie (D:5)
  4 kobolds
  4 rats
109 creatures vanquished.

Vanquished Creatures (others)
  3 fungi (D:5)
  A plant (D:5)
4 creatures vanquished.

Grand Total: 113 creatures vanquished

Notes
Turn   | Place    | Note
-------+----------+-------------------------------------------
     0 | D:1      | Amaterasu the Demonspawn Fighter began the quest for the
                  | Orb.
     0 | D:1      | Reached XP level 1. HP: 18/18 MP: 1/1
    70 | D:1      | Reached skill level 2 in Axes
   329 | D:1      | Gained mutation: You are partially covered in yellow
                  | scales. (AC +2) [demonic ancestry]
   329 | D:1      | Reached XP level 2. HP: 24/24 MP: 2/2
  1180 | D:2      | Found an opulent altar of Gozag.
  1294 | D:2      | Reached skill level 3 in Axes
  1304 | D:2      | Gained mutation: You are mostly covered in yellow scales.
                  | (AC +3) [demonic ancestry]
  1304 | D:2      | Reached XP level 3. HP: 12/29 MP: 3/3
  2115 | D:2      | Reached skill level 4 in Axes
  2115 | D:2      | Gained mutation: Your flesh is cold resistant. (rC+)
                  | [demonic ancestry]
  2115 | D:2      | Reached XP level 4. HP: 20/35 MP: 4/4
  2630 | D:3      | Reached XP level 5. HP: 17/41 MP: 5/5
  3314 | D:4      | Reached skill level 5 in Axes
  3519 | D:4      | Reached skill level 1 in Dodging
  3636 | D:4      | Reached XP level 6. HP: 47/47 MP: 6/6
  3934 | D:5      | Entered Level 5 of the Dungeon
  4005 | D:5      | Found a runed translucent gate.
  4005 | D:5      | Found a runed translucent gate.
  4006 | D:5      | Noticed mavignon's ghost (novice DrTm)
  4008 | D:5      | Found a runed translucent gate.
  4008 | D:5      | Identified the cursed +2 dagger of the Establishment {elec,
                  | Str+5 Dex+4}
  4060 | D:5      | Noticed a sky beast
  4068 | D:5      | Killed a sky beast
  4069 | D:5      | Gained mutation: You have sharp fingernails. [demonic
                  | ancestry]
  4069 | D:5      | Reached XP level 7. HP: 50/55 MP: 7/7
  4105 | D:5      | Reached skill level 5 in Fighting
  4282 | D:5      | Reached skill level 6 in Axes
  4746 | D:5      | Cast into level 1 of the Abyss (big kobold)
  4790 | Abyss:1  | Noticed a lich
  4794 | Abyss:1  | Noticed a raiju
  4795 | Abyss:1  | Noticed a worldbinder
  4799 | Abyss:1  | Noticed a smoke demon
  4800 | Abyss:1  | Noticed a starcursed mass
  4802 | Abyss:1  | HP: 1/56 [lich (6)]
  4802 | Abyss:1  | Noticed a phantasmal warrior
  4803 | Abyss:1  | Noticed a mana viper
  4803 | Abyss:1  | Slain by a mana viper

Illustrated notes

Levels and vault maps discovered:
D:1:      wander_arrival_fairy_ring, layout_basic
D:2:      layout_loops_corners, kennysheep_cross_bottleneck,
          grunt_gozag_breadcrumbs
D:3:      layout_rooms, kennysheep_path_1
D:4:      layout_loops_ring
D:5:      layout_basic, gammafunk_ghost_nasty_kobolds
Abyss:1:  base:
D:3

Skill      XL: |  1  2  3  4  5  6  7 |
---------------+----------------------+-----
Axes           | 2 3 4 5 6 |  6.1
Armour         | 3 4 |  4.0
Dodging        | 1 2 |  2.0
Fighting       | 4 5 |  5.0
Shields        | |  2.6

Action                   |  1- 3 |  4- 6 |  7- 9 || total
-------------------------+-------+-------+-------++-------
Melee: War axe           |   105 |   141 |    48 ||   294
  Use: Scroll            |     4 |     9 |       ||    13
       Potion            |       |     1 |     3 ||     4
Armor: Scale mail        |    53 |    69 |    34 ||   156
Dodge: Dodged            |    33 |    78 |    47 ||   158
Block: Kite shield       |    47 |    70 |    30 ||   147
